Cogmind - Beta 14 @@@ ROGUE MODE // 2025.03.07 @ 19:38:42 Player: dwarfinator Result: Destroyed by as-88524 with Assembled Maul Performance ------------- Evolutions (0) 0 Regions Visited (4) 800 Robots Destroyed (35) 175 Value Destroyed (723) 723 Prototype IDs (23) 460 Alien Tech Used (0) 0 Bonus (478) 478 TOTAL SCORE: 2636 Bonus ------- Follower Combat Kills 201 Aligned with FarCom 300 Friendly Fire -23 Cogmind --------- Core Integrity 0/250 Matter 255/300 Energy 140/160 System Corruption 0% Temperature Warm (110) Movement Treading (320) Ox2 Location -9/Mines Parts ------- > --- POWER (1) -------- Light Nuclear Core > --- PROPULSION (2) --- Light Treads Aluminum Leg > --- UTILITY (2) ------ High-capacity Storage Unit Light Armor Plating > --- WEAPON (2) ------- EM Shotgun EM Shotgun > --- INVENTORY (20) --- Aluminum Leg Aluminum Leg Cooling System High-capacity Battery (250) Seismic Detector Modified TNC Light Armor Plating Hacking Suite Army-in-a-Box (30/30) EM Shotgun EM Shotgun Datajack Maul Peak State ------------ > --- POWER ------------ Light Nuclear Core > --- PROPULSION ------- Aluminum Leg Aluminum Leg > --- UTILITY ---------- High-capacity Storage Unit 0b10 Alert Chip > --- WEAPON ----------- EM Shotgun EM Shotgun > --- INVENTORY -------- Light Treads Aluminum Leg Aluminum Leg Cooling System High-capacity Battery Seismic Detector Modified TNC Light Armor Plating Light Armor Plating Hacking Suite Army-in-a-Box EM Shotgun EM Shotgun Datajack Maul [Rating: 23] Favorites ----------- Power Light Ion Engine Engine Light Ion Engine Power Core Light Nuclear Core Propulsion Aluminum Leg Treads Light Treads Leg Aluminum Leg Utility High-capacity Storage Unit Device Seismic Detector Storage High-capacity Storage Unit Processor 0b10 Alert Chip Protection Light Armor Plating Weapon Particle Cannon Energy Gun EM Shotgun Energy Cannon Particle Cannon Impact Weapon Maul Special Melee Weapon Datajack Build | -11 -10 -10 -10 -9 ------- Run | Yrd Mat Min Exi Min Slots Evolved . | . . . . . Power . | . . . . . Propulsion . | . . . . . Utility . | . . . . . Weapon . | . . . . . Parts Attached 46 | 7 29 5 1 4 Power 5 | 1 3 1 . . Engine 4 | 1 3 . . . Core 1 | . . 1 . . Reactor . | . . . . . Propulsion 12 | 2 9 . . 1 Treads 6 | 2 3 . . 1 Leg 6 | . 6 . . . Wheel . | . . . . . Hover . | . . . . . Flight . | . . . . . Utility 10 | 2 4 2 . 2 Device 3 | 1 1 1 . . Storage 3 | 1 2 . . . Processor 1 | . . . . 1 Hackware . | . . . . . Protection 3 | . 1 1 . 1 Artifact . | . . . . . Weapon 19 | 2 13 2 1 1 Energy Gun 6 | 2 1 2 . 1 Energy Cannon 7 | . 7 . . . Ballistic Gun . | . . . . . Ballistic Cannon . | . . . . . Launcher . | . . . . . Special Weapon . | . . . . . Impact Weapon 5 | . 5 . . . Slashing Weapon . | . . . . . Piercing Weapon . | . . . . . Special Melee Weapon 1 | . . . 1 . Unidentified Prototypes . | . . . . . Parts Lost 10 | . 8 1 . 1 Power 3 | . 2 1 . . Propulsion 4 | . 3 . . 1 Utility 1 | . 1 . . . Weapon 2 | . 2 . . . Highest Loss Streak 6 | . 6 1 . 1 To Critical Strikes . | . . . . . Average Slot Usage (%) 99 | . 98 99 100 100 Engine 10 | . 13 13 . . Core 2 | . . . 14 14 Treads 5 | . 13 . . 7 Leg 21 | . 14 28 28 21 Device 7 | . 11 8 . . Storage 14 | . 14 14 14 14 Protection 5 | . 2 5 14 14 Energy Gun 8 | . . 11 22 28 Energy Cannon 10 | . 16 8 . . Impact Weapon 7 | . 10 8 . . Special Melee Weapon 1 | . . . 5 . Peak Build Rating 23 | 8 12 13 18 23 Average Rating 11 | 6 9 11 14 18 On Entrance 10 | . 8 12 13 18 Naked Turns . | . . . . . Heaviest Build 54 | 12 53 54 54 . Greatest Support 40 | 40 40 20 20 . Greatest Overweight (x) 14 | 1 14 2 2 . Average Overweight (x) 1 | . . 2 2 . Largest Inventory Capacity 20 | 8 20 20 20 20 Average Capacity 17 | 7 14 20 20 20 Most Carried 20 | 8 20 20 20 20 Average Carried 15 | 5 11 19 19 18 Final Capacity 20 | 8 20 20 20 20 Final Carried 20 | 8 20 20 20 18 Class Distribution -------------------- 100% | Mutant Dominant Class ---------------- Mutant | -10/Materials Mutant | -10/Mines Mutant | -10/Exiles Mutant | -9/Mines Resources | -11 -10 -10 -10 -9 ----------- Run | Yrd Mat Min Exi Min Matter Collected 820 | 270 490 60 . . Remotely . | . . . . . Salvage Created 936 | 138 600 118 . 80 Parts 68 | 19 36 8 . 5 Haulers Intercepted 1 | . 1 . . . Recyclers Shooed 1 | . 1 . . . Parts Field Recycled . | . . . . . Retrieved Matter . | . . . . . Parts Self-Destructed . | . . . . . Prevented . | . . . . . Kills | -11 -10 -10 -10 -9 ------- Run | Yrd Mat Min Exi Min Combat Hostiles Destroyed 25 | . 21 2 . 2 Melee 4 | . 4 . . . Guns 3 | . . 2 . 1 Cannons 8 | . 8 . . . AOE 5 | . 4 . . 1 Classes Destroyed 9 | 2 6 1 . . Worker 1 | 1 . . . . Tunneler 5 | 5 . . . . Hauler 1 | . 1 . . . Recycler 1 | . 1 . . . Operator 1 | . 1 . . . Watcher 1 | . 1 . . . Swarmer 12 | . 12 . . . Grunt 11 | . 9 . . 2 Sentry 2 | . . 2 . . Best Kill Streak 5 | 2 5 2 . 2 Combat Bots Only 5 | . 5 2 . 2 Max Kills in Single Turn 4 | 1 4 1 . 2 Gunslinging . | . . . . . Exploded 4 | . 4 . . 1 Melee 1 | . 1 . . . Uniques/NPCs Destroyed . | . . . . . Combat | -11 -10 -10 -10 -9 -------- Run | Yrd Mat Min Exi Min Hostile Shots Fired 219 | . 190 12 . 17 Missed 56 | . 50 2 . 4 Damage Taken 1602 | . 1242 159 . 201 Core 254 | . 211 11 . 32 Absorbed by Shields . | . . . . . Regen/Repaired (Parts) 140 | . 140 . . . Core Remaining (%) 100 | 100 . . . . Volleys Fired 56 | 21 26 6 . 3 Largest 2 | 1 2 2 . 2 Hottest 136 | 40 136 90 . 90 Shots Fired 88 | 21 49 12 . 6 Gun 39 | 21 . 12 . 6 Cannon 49 | . 49 . . . Launcher . | . . . . . Special . | . . . . . Kinetic . | . . . . . Thermal 70 | 21 49 . . . Explosive . | . . . . . Electromagnetic 18 | . . 12 . 6 Robot Hit Streak 9 | 6 6 9 . 7 Robot Miss Streak 5 | 2 5 3 . 3 Penetration Max . | . . . . . Secondary Targets 1 | . . . . 1 Max Gunslinging Chain 1 | . . . . 1 Shots Hit Robots 70 | 12 44 10 . 4 Core Hits 36 | 6 19 7 . 4 Critical Kills 2 | . 2 . . . Critical Parts Destroyed 6 | . 6 . . . Critical Strikes 8 | . 8 . . . Smash 8 | . 8 . . . Melee Attacks 42 | . 42 . . . Impact 42 | . 42 . . . Slashing . | . . . . . Piercing . | . . . . . Sneak Attacks 4 | . 4 . . . Combat Hostiles 1 | . 1 . . . Follow-up Attacks . | . . . . . Damage Inflicted 2085 | 130 1665 125 . 165 Guns 354 | 130 . 125 . 99 Cannons 518 | . 518 . . . Explosions 237 | . 171 . . 66 Melee 976 | . 976 . . . Ramming . | . . . . . Kinetic . | . . . . . Thermal 714 | 130 518 . . 66 Explosive . | . . . . . Electromagnetic 395 | . 171 125 . 99 Impact 976 | . 976 . . . Slashing . | . . . . . Piercing . | . . . . . Highest Corruption . | . . . . . Average Corruption . | . . . . . Corruption Purged . | . . . . . Corruption Blocked . | . . . . . Overload Shots . | . . . . . Overflow Damage 391 | . 380 . . 11 Projectiles 1 | . 1 . . . Explosions 22 | . 11 . . 11 Melee 368 | . 368 . . . Knockbacks 3 | . 3 . . . Impact 3 | . 3 . . . Kinetic . | . . . . . Secondary . | . . . . . Self-Inflicted Damage 42 | . 42 . . . Shots 1 | . 1 . . . Rammed . | . . . . . Targets Rammed . | . . . . . Kicked . | . . . . . Crushed . | . . . . . Highest Temperature 318 | 20 318 210 . 110 Average Temperature 90 | 18 100 95 . 45 Received Heat Transfer 245 | . 138 87 . 20 Effects 1 | . 1 . . . Energy Bleed 1 | . 1 . . . Siege Activations . | . . . . . Robots Corrupted 6 | . 6 . . . Combat Hostiles 5 | . 5 . . . Parts Fried 8 | . 8 . . . Impact Corruptions 12 | . 12 . . . Robots Melted . | . . . . . Combat Hostiles . | . . . . . Parts Melted . | . . . . . Heat Transferred 1275 | 300 925 . . 50 Parts Sabotaged . | . . . . . Parts Stolen . | . . . . . Parts Stripped . | . . . . . Power Chain Reactions 1 | . . . . 1 Alert | -11 -10 -10 -10 -9 ------- Run | Yrd Mat Min Exi Min Peak Influence 275 | 30 275 121 . 73 Initial 84 | . 19 84 . . Average 97 | 10 145 52 . 57 Maximum Alert Level 1 | . 1 . . . Low Security (%) 85 | 100 71 100 . 100 Level 1 14 | . 28 . . . Level 2 . | . . . . . Level 3 . | . . . . . Level 4 . | . . . . . Level 5 . | . . . . . High Security . | . . . . . Max Security . | . . . . . Squads Dispatched 6 | . 6 . . . Investigation 1 | . 1 . . . Extermination . | . . . . . Reinforcement 5 | . 5 . . . Assault . | . . . . . Garrison . | . . . . . Intercept . | . . . . . Searches Triggered . | . . . . . Construction Impeded . | . . . . . Haulers Reinforced . | . . . . . Active Scanning Responses . | . . . . . Cargo Convoy Interrupts . | . . . . . Stealth | -11 -10 -10 -10 -9 --------- Run | Yrd Mat Min Exi Min Distress Signals 3 | . 3 . . . Communications Jammed . | . . . . . Distress Signals . | . . . . . Times Spotted 68 | . 39 8 . 21 Peak Tracking Total 19 | . 7 2 . 19 Tactical Retreats 5 | . 4 1 . . Traps | -11 -10 -10 -10 -9 ------- Run | Yrd Mat Min Exi Min Traps Triggered . | . . . . . Indirectly . | . . . . . Trap Hack Attempts . | . . . . . Triggered . | . . . . . Disarmed . | . . . . . Reprogrammed . | . . . . . Reused . | . . . . . Traps Extracted . | . . . . . Installed . | . . . . . Triggered . | . . . . . Machines | -11 -10 -10 -10 -9 ---------- Run | Yrd Mat Min Exi Min Machines Disabled 6 | . 4 1 . 1 Max in Single Turn 1 | . 1 . . 1 Machines Repaired . | . . . . . Machines Dismantled . | . . . . . Machines Sabotaged . | . . . . . Overloaded Fab Kills . | . . . . . Hacking | -11 -10 -10 -10 -9 --------- Run | Yrd Mat Min Exi Min Machines Accessed 6 | . 4 . 2 . Terminals 1 | . 1 . . . Fabricators . | . . . . . Repair Stations 1 | . 1 . . . Recycling Units 2 | . 2 . . . Scanalyzers . | . . . . . Garrison Access . | . . . . . Total Hacks 14 | . 12 . 2 . Successful 9 | . 7 . 2 . Failed 5 | . 5 . . . Catastrophic 2 | . 2 . . . Database Lockouts . | . . . . . Manual 4 | . 3 . 1 . Terminals 3 | . 3 . . . Fabricators . | . . . . . Repair Stations 4 | . 4 . . . Recycling Units 5 | . 5 . . . Scanalyzers . | . . . . . Garrison Access . | . . . . . Terminal Hacks 4 | . 2 . 2 . Record 1 | . . . 1 . Robot Analysis 2 | . 2 . . . Derelict Proto ID Bank 1 | . . . 1 . Fabricator Hacks . | . . . . . Repair Station Hacks 4 | . 4 . . . Scan Component 2 | . 2 . . . Repair 2 | . 2 . . . Recycling Unit Hacks 1 | . 1 . . . Retrieve Components 1 | . 1 . . . Scanalyzer . | . . . . . Garrison Access Hacks . | . . . . . Unauthorized Hacks . | . . . . . Terminals . | . . . . . Fabricators . | . . . . . Repair Stations . | . . . . . Recycling Units . | . . . . . Scanalyzers . | . . . . . Garrison Access . | . . . . . Data Cores Recovered . | . . . . . Used . | . . . . . Hacking Detections 3 | . 3 . . . Full Trace Events 1 | . 1 . . . Feedback Events . | . . . . . Feedback Blocked . | . . . . . Robot Schematics Acquired . | . . . . . Robots Built . | . . . . . Authchips . | . . . . . Time . | . . . . . Total Robot Build Rating . | . . . . . Part Schematics Acquired . | . . . . . Parts Built . | . . . . . Authchips . | . . . . . Time . | . . . . . Total Part Build Rating . | . . . . . Parts Repaired 2 | . 2 . . . Time 58 | . 58 . . . Parts Recycled . | . . . . . Recycled Matter . | . . . . . Retrieved Matter . | . . . . . Retrieved Components 3 | . 3 . . . Parts Scanalyzed . | . . . . . Part Schematics Acquired . | . . . . . Parts Damaged . | . . . . . Bothacking | -11 -10 -10 -10 -9 ------------ Run | Yrd Mat Min Exi Min Used RIF Installer . | . . . . . Robots Hacked . | . . . . . Non-combat . | . . . . . Combat . | . . . . . Robot Hacks Applied . | . . . . . Relay Couplers Released . | . . . . . Fabnet Peak Effective % . | . . . . . Robots Rewired . | . . . . . Allies Hacked . | . . . . . Hacks Repelled . | . . . . . Allies | -11 -10 -10 -10 -9 -------- Run | Yrd Mat Min Exi Min Total Allies 6 | . . 6 . . Largest Group 3 | . . 3 1 . Highest-Rated Group 81 | . . 81 31 . Highest-Rated Ally 31 | . . 31 31 . Total Orders . | . . . . . Ally Attacks 43 | . . 43 . . Total Damage 539 | . . 539 . . Kills 10 | . . 10 . . Allies Corrupted . | . . . . . Allies Melted . | . . . . . Intel | -11 -10 -10 -10 -9 ------- Run | Yrd Mat Min Exi Min Robot Analysis Total 2 | . 2 . . . Derelict Logs Recovered 2 | . . 2 . . Drone Launches . | . . . . . Drone Recoveries . | . . . . . Exploration | -11 -10 -10 -10 -9 ------------- Run | Yrd Mat Min Exi Min Turns Passed 4320 | 203 1824 1515 763 15 Spaces Moved 1530 | 91 624 524 291 . Core 6 | 4 2 . . . Treads 404 | 87 317 . . . Legs 1120 | . 305 524 291 . Wheels . | . . . . . Hover . | . . . . . Flight . | . . . . . Fastest Speed 50 | 50 120 260 260 . Average Speed 232 | 156 208 260 260 . Slowest Speed 750 | 160 750 260 260 . Overloaded Moves . | . . . . . Propulsion Burnouts . | . . . . . Robots Hopped . | . . . . . Cave-ins Triggered . | . . . . . Exploration Rate (%) 51 | 5 89 89 71 4 Regions Visited 4 Branch Regions 3 Pre-discovered Areas 2 | . . 1 1 . Known Exits Taken . | . . . . . Unknown Exits Taken 4 | 1 1 1 1 . Scrap Searched 1 | . . 1 . . Spaces Dug 10 | . 10 . . . Terrain Destroyed 18 | . 10 . . 8 Melee 10 | . 10 . . . Projectile . | . . . . . AOE 8 | . . . . 8 Terrain Rammed . | . . . . . Walls Destroyed . | . . . . . Machines Disabled . | . . . . . Actions | -11 -10 -10 -10 -9 --------- Run | Yrd Mat Min Exi Min Total 2112 | 128 1010 665 302 7 Wait 375 | . 250 125 . . Move 1526 | 90 623 523 290 . Hop . | . . . . . Pick Up 42 | 9 27 3 3 . Fast Attach 14 | 7 6 1 . . Attach 8 | . 7 . . 1 Detach . | . . . . . Swap 24 | . 16 4 1 3 Drop 25 | 1 13 3 8 . Fire 56 | 21 26 6 . 3 Melee 42 | . 42 . . . Ram . | . . . . . Kick . | . . . . . Crush . | . . . . . Escape Stasis . | . . . . . Rewire . | . . . . . Trap . | . . . . . Miscellaneous . | . . . . . Route ------- -11/Scrapyard -10/Materials (discovered 4 exits: [*Mat x2] / [*Min x2]) -10/Mines -10/Exiles -9/Mines History --------- Turn | Location | Event 25 | -11/Scrapyard | Discovered new exit (range 15) 204 | -11/Scrapyard | Entered Materials 311 | -10/Materials | Build established: Mutant 347 | -10/Materials | Discovered new exit (range 15) 502 | -10/Materials | Discovered new exit (range 16) 1286 | -10/Materials | Discovered new exit (range 9) 1412 | -10/Materials | Core integrity fell below 50% 1461 | -10/Materials | Lost 6 parts (1p2n1u2w) 1474 | -10/Materials | Core integrity fell below 20% 1598 | -10/Materials | Repaired Maul 1625 | -10/Materials | Repaired Aluminum Leg 1676 | -10/Materials | Discovered new exit (range 8) 2028 | -10/Materials | Entered Mines 2510 | -10/Mines | Assisted by bots powering up and referring to "LRC-V3" 3031 | -10/Mines | Received a Mining Laser from a helpful Derelict 3423 | -10/Mines | Learned location of Zion (-6) 3530 | -10/Mines | Deemed a non-threat by the Exiles lab entrance 3530 | -10/Mines | Discovered new exit (range 5) 3543 | -10/Mines | Entered Exiles 3543 | -10/Exiles | Accompanied by 1 ally 3573 | -10/Exiles | Led the pair of lost Derelicts to a safe place 3606 | -10/Exiles | Met 8R-AWN 3647 | -10/Exiles | Met EX-HEX 3785 | -10/Exiles | Met EX-DEC 3892 | -10/Exiles | Met EX-BIN 3928 | -10/Exiles | Aligned with FarCom system 3931 | -10/Exiles | Given EX-Vault access code 3993 | -10/Exiles | Opened EX-Vault 4037 | -10/Exiles | Found Army-in-a-Box 4044 | -10/Exiles | Found 0b10 Alert Chip 4061 | -10/Exiles | Found Modified TNC 4107 | -10/Exiles | Exiles lab attacked by MAIN.C 4285 | -10/Exiles | Discovered new exit (range 10) 4306 | -10/Exiles | Stole three prototypes: Modified TNC, 0b10 Alert Chip, Army-in-a-Box 4306 | -10/Exiles | Entered Mines 4307 | -9/Mines | Assembled infested the area 4312 | -9/Mines | Assisted by a Guerilla fighting off Assembled 4321 | -9/Mines | Destroyed by as-88524 with Assembled Maul Last Messages --------------- 04308_ G-34 Mercenary destroyed. 04308_ Switching to secondary target: G-47 Trooper. 04308_ Chain reaction triggered in Lgt. Nuclear Core. 04308_ Destroyed Aluminum Leg. 04308_ G-47 Trooper destroyed. 04308_ Pulverizer disabled. 04312_ A derelict emerges from the shadows: "You need to get out of here! I've been tracking a group of Assembled to figure out where they're coming from, and they're closing on this area, come on!" 04312_ RI-XXA(h): "I'll hold them off! Go on ahead or try to find another way!" 04312_ HV Slug penetrates as-60716. 04312_ as-60716 suffers critical hit (Destroy). 04312_ as-60716 destroyed. 04312_ Discarded 0b10 Alert Chip. 04313_ Aluminum Leg destroyed. 04315_ HV Slug penetrates Wall. 04315_ as-70403 suffers critical hit (Destroy). 04316_ RI-XXA(h) destroyed. 04317_ as-36114 destroyed. Map ----- +----------------------------------------------------+ | ?????????????????????????????????????????????????? | | ?????????????????????????????????????????????????? | | ?????????????????????????????????????????????????? | | ?????????????????????????????????????????????????? | | ?????????????????????????????????????????????????? | | ?????????????????????????????????????????????????? | | ?????????????????????????????????????????????????? | | ?????????????????????????????????????????????????? | | ?????????????????????????????????????????????????? | | ?????????????????????????????????????????????????? | | ?????????????????????????????????????????????????? | | ?????????????????????????????????????????????????? | | ?????????????????????????????????????????????????? | | ?????????????????????????????????????????????????? | | ?????????????????????????????????????????????????? | | ?????????????????????????????????????????????????? | | ?????????????????????????????????????????????????? | | ?????????????????????????????????????????????????? | | ?????????????????????????????????????????????????? | | ?????????????????????????????????????????????????? | | ?????????????????????????????????????????????????? | | ?????????????????????????????????????????????????? | | ?????????????????????????????????????????????????? | | ?????????????????????#######?????????????????????? | | ?????????????????????# *#?????????????????????? | | ?????????????????????# @%#?????????????????????? | | ?????????????????????# aaa#?????????????????????? | | ?????????????????????# =aa%????????????????????? | | ?????????????????????# aa ???????????????????? | | ?????????????????????# [aaaa??????????????????? | | ?????????????????????# "" aa;aa ????????????????? | | ?????????????????????# "" ;#; ???????????????? | | ?????????????????????# """ #### ??????????????? | | ?????????????????????# """ #???##